 Dungeon Crawl Stone Soup version 0.22-a0-203-g879740d (webtiles) character file.

1984 b5mith the Poker (level 9, -3/81 HPs)
             Began as a Minotaur Berserker on Feb 17, 2018.
             Was a Priest of Trog.
             Slain by a red ugly thing (7 damage)
             ... on level 7 of the Dungeon.
             The game lasted 00:20:19 (5506 turns).

b5mith the Poker (Minotaur Berserker)               Turns: 5506, Time: 00:20:21

Health: -3/81      AC:  5    Str: 26    XL:     9   Next: 1%
Magic:  8/8        EV: 14    Int:  8    God:    Trog [***...]
Gold:   295        SH:  0    Dex:  9    Spells: 8/8 levels left

rFire    + . .     SeeInvis .   a - +0 spear
rCold    . . .     Gourm    .   (no shield)
rNeg     . . .     Faith    .   D - +1 leather armour "Bodut" {rElec rPois rC+ Int+4}
rPois    +         Spirit   .   (helmet restricted)
rElec    +         Reflect  .   (no cloak)
rCorr    .         Harm     .   (no gloves)
MR       .....                  (no boots)
Stlth    +.........             (no amulet)
HPRegen  0.23/turn              (no ring)
MPRegen  0.11/turn              v - ring of fire

@: berserk cooldown, slowed, very slow
A: retaliatory headbutt, horns 2
a: Berserk, Trog's Hand, Burn Spellbooks, Renounce Religion


You were on level 7 of the Dungeon.
You worshipped Trog.
Trog was most pleased with you.
You were hungry.

You visited 1 branch of the dungeon, and saw 7 of its levels.

You collected 295 gold pieces.

Inventory:

Hand Weapons
 a - a +0 spear (weapon)
Missiles
 n - 121 stones (quivered)
 t - 3 javelins
 y - 4 tomahawks
 C - 5 poisoned javelins
Armour
 b - a +0 animal skin
 w - a +0 large shield
 A - a +2 ring mail of cold resistance
 D - the +1 leather armour "Bodut" (worn) {rElec rPois rC+ Int+4}
   (You found it on level 6 of the Dungeon)

   It affects your intelligence (+4).
   It protects you from cold.
   It insulates you from electricity.
   It protects you from poison.
Jewellery
 v - a ring of fire (right hand)
Wands
 o - a wand of polymorph (10)
Scrolls
 f - a scroll of magic mapping {unknown}
 j - 3 scrolls of enchant armour {unknown}
 l - 3 scrolls of amnesia {unknown}
 m - 2 scrolls of fog {unknown}
 p - 2 scrolls of teleportation {unknown}
 q - a scroll of noise {unknown}
 r - a scroll of random uselessness {unknown}
 u - 2 scrolls of remove curse {@r2}
 B - a scroll of identify {@r1}
Potions
 d - a potion of agility {unknown}
 e - 2 potions of lignification {unknown}
 g - 2 potions of flight
 h - 3 potions of brilliance {unknown}
 i - 5 potions of heal wounds
 k - a potion of berserk rage {unknown}
 s - 2 potions of magic {unknown}
 x - a potion of degeneration {unknown}
 z - a potion of curing {unknown}
 E - a potion of haste {unknown}
Comestibles
 c - 3 rations


   Skills:
 + Level 7.9 Fighting
 + Level 7.9 Polearms
 + Level 7.4 Armour
 + Level 6.7 Dodging


You had 8 spell levels left.
You didn't know any spells.

Dungeon Overview and Level Annotations

Branches:
Dungeon (7/15)             Temple (0/1) D:6

Altars:
Cheibriados
Elyvilon
Fedhas
Hepliaklqana
Makhleb
Vehumet
Beogh

Shops:
D:4 }   D:5 %


Innate Abilities, Weirdness & Mutations

You reflexively headbutt those who attack you in melee.
You have a pair of horns on your head.


Message History

The red ugly thing claws you!
* * * LOW HITPOINT WARNING * * *
You are engulfed in flames!
You resist.
* * * LOW HITPOINT WARNING * * *
You are too berserk!
You puncture the red ugly thing!
Your headbutt misses the red ugly thing.
The red ugly thing is moderately wounded.
The howler monkey hoots and howls with incredible vigour!
You hear a shout!
You feel a strong urge to attack something.
You hear a shout!
You feel your anger nearly subside.
You are no longer berserk.
You are exhausted.
You feel yourself slow down.
The red ugly thing claws you but does no damage.
The red ugly thing claws you.
* * * LOW HITPOINT WARNING * * *
You are engulfed in flames!
You resist.
You die...

#..... 8...8
##_##
#######
#....# ..
#....# #.
+...)# #.##
#....##
.(#######
#<#.@.#
#.......#
#.###u#
#(......#
#.# #h#
#(......#
#.# #.#
#(......#
#+# #.#
#h...####
#.# #)#..#
#.#####.#.o#
#...h...##)#
#########...


You could see a red ugly thing and a howler monkey.

Vanquished Creatures
  Pikel (D:5)
  2 orc warriors
  An ice beast (D:5)
  An ogre (D:4)
  A sky beast (D:6)
  A centaur (D:6)
  The ghost of enarc13 the Chiller, an amateur OpIE (D:3)
  A bullfrog (D:6)
  A scorpion (D:5)
  3 crimson imps
  6 orc wizards
  4 hounds
  3 orc priests
  An iron imp (D:5)
  A jelly (D:5)
  A centaur skeleton (D:5)
  3 iguanas
  Natasha (D:4)
  2 worker ants (D:4)
  A hound skeleton (D:4)
  6 adders
  A shadow imp (D:5)
  An ooze (D:2)
  2 adder skeletons
  An adder zombie (D:5)
  A worm (D:2)
  4 leopard geckos
  15 orcs
  7 giant cockroaches
  5 goblins
  10 hobgoblins
  3 jackals
  2 quokkas
  A ball python (D:2)
  4 bats
  4 frilled lizards
  A jackal zombie (D:5)
  6 kobolds
  A leopard gecko skeleton (D:4)
  11 rats
122 creatures vanquished.

Vanquished Creatures (others)
  2 slaves (D:6)
  An orc (D:6)
  2 giant cockroaches (D:6)
  A quokka (D:6)
6 creatures vanquished.

Grand Total: 128 creatures vanquished

Notes
Turn   | Place    | Note
-------+----------+-------------------------------------------
     0 | D:1      | b5mith the Minotaur Berserker began the quest for the Orb.
     0 | D:1      | Reached XP level 1. HP: 19/19 MP: 0/0
   311 | D:1      | Reached XP level 2. HP: 27/27 MP: 1/1
   783 | D:2      | Reached XP level 3. HP: 33/33 MP: 2/2
   960 | D:2      | Found a hazy altar of Hepliaklqana.
  1186 | D:2      | Reached ** piety under Trog
  1309 | D:2      | Found a white marble altar of Elyvilon.
  1325 | D:2      | Found a radiant altar of Vehumet.
  1325 | D:2      | Found a burning altar of Makhleb.
  1360 | D:3      | Noticed enarc13's ghost (amateur OpIE)
  1773 | D:2      | Reached XP level 4. HP: 30/41 MP: 3/3
  2024 | D:3      | Killed enarc13's ghost
  2024 | D:3      | Reached XP level 5. HP: 35/47 MP: 4/4
  2961 | D:4      | Noticed an ogre
  2969 | D:4      | Killed an ogre
  2969 | D:4      | Reached skill level 5 in Fighting
  2969 | D:4      | Reached skill level 5 in Polearms
  2969 | D:4      | Reached XP level 6. HP: 56/56 MP: 5/5
  3179 | D:4      | Found Ivaonugo's Gadget Shop.
  3228 | D:4      | Found a roughly hewn altar of Beogh.
  3365 | D:4      | Reached *** piety under Trog
  3365 | D:4      | Reached skill level 5 in Armour
  3365 | D:4      | Reached XP level 7. HP: 46/62 MP: 6/6
  3591 | D:4      | Noticed Natasha
  3600 | D:4      | Killed Natasha
  3657 | D:5      | Entered Level 5 of the Dungeon
  4122 | D:5      | Reached skill level 5 in Dodging
  4176 | D:5      | Found Nolyv's Food Boutique.
  4479 | D:5      | Found a snail-covered altar of Cheibriados.
  4572 | D:6      | Noticed Pikel
  4602 | D:5      | Killed Pikel
  4602 | D:5      | Reached XP level 8. HP: 23/73 MP: 7/7
  5000 | D:6      | Got a slimy leather armour
  5011 | D:6      | Identified the +1 leather armour "Bodut" {rElec rPois rC+ Int+4} (You found it on level 6 of the Dungeon)
  5198 | D:6      | Found a staircase to the Ecumenical Temple.
  5397 | D:7      | Found a blossoming altar of Fedhas.
  5455 | D:7      | Reached XP level 9. HP: 31/81 MP: 8/8
  5479 | D:7      | Noticed a red ugly thing
  5488 | D:7      | HP: 3/81 [red ugly thing (9)]
  5506 | D:7      | HP: 4/81 [red ugly thing (4)]
  5506 | D:7      | Slain by a red ugly thing

Vault maps used:
D:1:      evilmike_arrival_hilbert_curve
D:2:      gammafunk_temple_overflow_forgotten, nicolae_overflow_crystal_walls
D:4:      serial_shops, kennysheep_mini, first_ration, kennysheep_orc_chapel,
          uniq_natasha
D:5:      slow_altar_2, serial_shops, kennysheep_mini_moat,
          kennysheep_crisscross
D:6:      temple_doors_e, uniq_pikel
D:7:      nicolae_overflow_hidden_temple, uniq_joseph

Skill      XL: |  1  2  3  4  5  6  7  8 |
---------------+-------------------------+-----
Fighting       | 4 5 7 |  7.9
Polearms       | 4 5 7 |  7.9
Armour         | 3 4 5 6 7 |  7.4
Dodging        | 3 4 6 |  6.7

Action                   |  1- 3 |  4- 6 |  7- 9 || total
-------------------------+-------+-------+-------++-------
Melee: Spear             |   107 |   101 |   227 ||   435
       Headbutt          |    10 |    15 |    34 ||    59
Throw: Stone             |    26 |    55 |    45 ||   126
Invok: Berserk           |     1 |     2 |     2 ||     5
  Use: Scroll            |       |     3 |       ||     3
       Potion            |       |       |     1 ||     1
 Stab: Distracted        |       |       |     1 ||     1
  Eat: Ration            |     1 |     2 |     2 ||     5
       Chunk             |       |       |     1 ||     1
Armor: Animal skin       |    13 |    10 |     1 ||    24
       Ring mail         |       |       |    22 ||    22
       Leather armour    |       |       |     7 ||     7
Dodge: Dodged            |    61 |    44 |    79 ||   184
Block: Large shield      |       |    15 |       ||    15

Table legend:
 A = Spawn XP
 B = Non-spawn XP
 C = Spawn XP percentage of total XP
 D = Spawn monster count
 E = Non-spawn monster count
 F = Spawn count percentage of total count
 G = Total turns spent on level
                    A         B        C        D         E        F      G
               +---------+---------+-------+---------+---------+-------+---------
         Total |       0 |    2835 |   0.0 |       0 |     122 |   0.0 |  5506
               +---------+---------+-------+---------+---------+-------+---------
           D:1 |       0 |      22 |   0.0 |       0 |      15 |   0.0 |   637
           D:2 |       0 |     118 |   0.0 |       0 |      28 |   0.0 |  1254
           D:3 |       0 |     132 |   0.0 |       0 |      16 |   0.0 |   975
           D:4 |       0 |     586 |   0.0 |       0 |      27 |   0.0 |   791
           D:5 |       0 |    1122 |   0.0 |       0 |      17 |   0.0 |  1164
           D:6 |       0 |     629 |   0.0 |       0 |      15 |   0.0 |   576
           D:7 |       0 |     226 |   0.0 |       0 |       4 |   0.0 |   109
               +---------+---------+-------+---------+---------+-------+---------
